 Dungeon Crawl Stone Soup version 0.29-a0-330-g52719c12eb (webtiles) character file.

Game seed: 16259609031494644520

7 kae the Firebug (level 1, 0/10 HPs)
             Began as a Deep Elf Fire Elementalist on May 1, 2022.
             Slain by a rat (3 damage)
             ... on level 1 of the Dungeon.
             The game lasted 00:00:07 (134 turns).

kae the Firebug (Deep Elf Fire Elementalist)         Turns: 134, Time: 00:00:08

Health: 0/10       AC:  2    Str:  5    XL:     1   Next: 91%
Magic:  0/6        EV: 12    Int: 19    God:
Gold:   0          SH:  0    Dex: 15    Spells: 5/6 levels left

rFire   . . .      SeeInvis .   (no weapon)
rCold   . . .      Faith    .   (no shield)
rNeg    . . .      Spirit   .   a - +0 robe
rPois   .          Reflect  .   (no helmet)
rElec   .          Harm     .   (no cloak)
rCorr   .          Rampage  .   (no gloves)
Will    .....                   (no boots)
Stlth   ++........              (no amulet)
HPRegen 0.03/turn               (no ring)
MPRegen 0.10/turn               (no ring)

@: no status effects
A: no striking features
a: no special abilities


You were on level 1 of the Dungeon.
You visited 1 branch of the dungeon, and saw 1 of its levels.

Inventory:

Armour
 a - a +0 robe (worn)
Potions
 b - a potion of magic
 c - a potion of heal wounds {unknown}


   Skills:
 + Level 0.3 Fighting
 + Level 2.6 Dodging
 - Level 2.4 Stealth
 + Level 3.1 Spellcasting
 + Level 1.3 Conjurations
 + Level 3.4 Fire Magic


You had 5 spell levels left.
You knew the following spells:

 Your Spells              Type           Power      Damage    Failure   Level
a - Foxfire               Conj/Fire      48%        2x1d6     5%          1

Your spell library contained the following spells:

 Spells                   Type           Power      Damage    Failure   Level
 Scorch                   Fire           32%        2d7       5%          2
 Conjure Flame            Conj/Fire      12%        6-21      17%         3
 Inner Flame              Hex/Fire       9%         N/A       22%         3
 Flame Wave               Conj/Fire      12%        2d6       50%         4


Dungeon Overview and Level Annotations

Branches:
Dungeon (1/15)

Altars:


Message History

You kill the bat!
Casting: Foxfire (safe; 6% risk of failure)
Confirm with . or Enter, or press ? or * to list all spells.
You conjure some foxfire!
The foxfire hits the jackal.
The jackal is almost dead.
The foxfire hits the jackal.
You kill the jackal!
There are monsters nearby!
Casting: Foxfire (safe; 5% risk of failure)
Confirm with . or Enter, or press ? or * to list all spells.
You conjure some foxfire!
The jackal closely misses you. The jackal barely misses you.
The foxfire hits the jackal but does no damage.
The foxfire hits the jackal.
The jackal is heavily wounded.
The jackal bites you.
There are monsters nearby!
Casting: Foxfire (safe; 5% risk of failure)
Confirm with . or Enter, or press ? or * to list all spells.
You conjure some foxfire!
The jackal bites you. The rat bites you but does no damage.
The foxfire hits the jackal but does no damage.
The jackal is heavily wounded.
The foxfire hits the jackal.
The jackal is almost dead.
The jackal bites you. The rat bites you but does no damage.
The jackal bites you.
There are monsters nearby!
Casting: Foxfire (safe; 5% risk of failure)
Confirm with . or Enter, or press ? or * to list all spells.
You conjure some foxfire!
The rat bites you but does no damage. The jackal bites you.
* * * LOW HITPOINT WARNING * * *
The foxfire hits the jackal.
You kill the jackal!
The foxfire hits the rat.
The rat is severely wounded.
The rat bites you.
You die...

## #.# #≈§≈#..#≈§≈# ..
#.# #≈≈≈#.<#≈§≈#
#.###.#.###≈≈≈####≈≈≈...
.......†..§≈§8≈≈≈≈8≈≈##.
#.###.##..§≈8≈≈≈≈≈§8≈#
... #...≈≈≈≈≈§≈≈≈≈# ###
#).......###.##
##..§.)...# #.
##...§@†.#.#.# #.
#......r....#
##.....##.†....
#.......#...##.
#.##.##.# #.. #.##..#.#
.. #.#^^.#.# . #.#._^#.#
#.#.^.#.#


You could see a rat.

Vanquished Creatures
  A ball python (D:1)
  A bat (D:1)
  A hobgoblin (D:1)
  3 jackals (D:1)
  A kobold (D:1)
7 creatures vanquished.

Vanquished Creatures (others)
  22 foxfires (D:1)
22 creatures vanquished.

Grand Total: 29 creatures vanquished

Notes
Turn   | Place    | Note
-------+----------+-------------------------------------------
     0 | D:1      | kae the Deep Elf Fire Elementalist began the quest for the
                  | Orb.
     0 | D:1      | Reached XP level 1. HP: 10/10 MP: 6/6
   107 | D:1      | Found a faded altar of an unknown god.
   134 | D:1      | Slain by a rat

Illustrated notes

Levels and vault maps discovered:
D:1:      lightli_arrival_boilingwater, layout_loops_cross,
          ebering_ecumenical_altar_webs

Action                   || total
-------------------------++-------
 Cast: Foxfire           ||    14
Armor: Robe              ||     3
Dodge: Dodged            ||     3

Table legend: (Time is in decaauts)
 A = Elapsed time spent in this place.
 B = Non-inter-level travel time spent in this place.
 C = Inter-level travel time spent in this place.
 D = Time resting spent in this place.
 E = Time spent auto-exploring this place.
 F = Levels seen in this place.
 G = Mean time per level.
                   A        B        C        D        E       F      G
               +--------+--------+--------+--------+--------+-----+--------+
         Total |    135 |    135 |      0 |      0 |     98 |   1 |  135.0 |
       Dungeon |    135 |    135 |      0 |      0 |     98 |   1 |  135.0 |
               +--------+--------+--------+--------+--------+-----+--------+

Top non-repeatable levels by time:
     D:1: 135 daAuts
